 Dungeon Crawl Stone Soup version 0.32-a0-427-g448f42529f (webtiles) character file.

Game seed: 17329588087262011992

177 Essalna the Digger (level 5, -14/38 HPs)
             Began as a Draconian Earth Elementalist on Feb 22, 2024.
             Demolished by an ogre
             ... wielding a +0 giant spiked club
              (33 damage)
             ... on level 4 of the Dungeon.
             The game lasted 00:03:48 (2774 turns).

Essalna the Digger (Draconian Earth Elementalist)   Turns: 2774, Time: 00:03:48

Health: -14/38     AC:  7    Str: 11    XL:     5   Next: 30%
Magic:  5/10       EV: 17    Int: 17    God:
Gold:   215        SH:  0    Dex: 11    Spells: 9/10 levels left

rFire   . . .        o - +2 rapier (venom)
rCold   . . .        (no shield)
rNeg    . . .        (body armour unavailable)
rPois   .            (helmet restricted)
rElec   .            (no cloak)
rCorr   .            m - +0 pair of gloves
SInv    .            v - +0 pair of boots
Will    .....        p - amulet of regeneration
Stlth   ++           b - ring of flight
HPRegen 1.06/turn    k - +5 ring of evasion
MPRegen 0.12/turn

%: no passive effects
@: flying
A: AC +5, unfitting armour, cold-blooded
a: no special abilities


You were on level 4 of the Dungeon.
You visited 1 branch of the dungeon, and saw 4 of its levels.

You collected 215 gold pieces.

Inventory:

Hand Weapons
 o - a +2 rapier of venom (weapon)
Armour
 m - a +0 pair of gloves (worn)
 v - a +0 pair of boots (worn)
Jewellery
 b - a ring of flight (left hand)
 h - an amulet of reflection
 k - a +5 ring of evasion (right hand)
 p - an amulet of regeneration (around neck)
Scrolls
 d - 4 scrolls of noise {unknown}
 f - 2 scrolls of vulnerability {unknown}
 g - a scroll of enchant weapon {unknown}
 j - 2 scrolls of identify {unknown}
 l - a scroll of summoning {unknown}
 t - a scroll of teleportation {unknown}
 u - a scroll of fog {unknown}
 w - a scroll of revelation {unknown}
Potions
 a - a potion of magic
 c - a potion of might {unknown}
 e - a potion of enlightenment {unknown}
 i - a potion of curing {unknown}
 n - a potion of attraction {unknown}
 q - 2 potions of brilliance {unknown}
 r - a potion of cancellation {unknown}
 s - a potion of heal wounds {unknown}


   Skills:
 - Level 1.7 Dodging
 - Level 1.7 Stealth
 + Level 3.3 Spellcasting
 + Level 3.0 Conjurations
 + Level 4.2 Earth Magic


You had 9 spell levels left.
You knew the following spells:

 Your Spells              Type           Power      Damage    Failure   Level
a - Sandblast             Erth           34%        2d9       3%          1

Your spell library contained the following spells:

 Spells                   Type           Power      Damage    Failure   Level
 Passwall                 Erth           17%        N/A       9%          3
 Stone Arrow              Conj/Erth      30%        3d8       12%         3
 Jinxbite                 Hex            4%         N/A       26%         2
 Brom's Barrelling Bould  Conj/Erth      15%        2d4       36%         4
 Petrify                  Alch/Erth      10%        N/A       56%         4
 Yara's Violent Unravell  Hex/Alch       1%         3d3       99%         5
 Enfeeble                 Hex            1%         N/A       100%        7


Dungeon Overview and Level Annotations

Branches:
Dungeon (4/15)
 Temple: D:4-7

Altars:


Innate Abilities, Weirdness & Mutations

Your plain brown scales are hard. (AC +5)
You cannot fit into any form of body armour.
You are cold-blooded and may be slowed by cold attacks.


Message History

Aim: an ogre, wielding a +0 giant spiked club (91% to hit)
The blast of sand hits the ogre!
The ogre is heavily wounded.
Casting: Sandblast (safe; 3% risk of failure)
Confirm with . or Enter, or press ? or * to list all spells.
Aiming: Sandblast (safe; 3% risk of failure)
Press: ? - help, Shift-Dir - straight line, f/p - ogre
Aim: an ogre, wielding a +0 giant spiked club (heavily wounded, 91% to hit)
The blast of sand misses the ogre.
Casting: Sandblast (safe; 3% risk of failure)
Confirm with . or Enter, or press ? or * to list all spells.
Aiming: Sandblast (safe; 3% risk of failure)
Press: ? - help, Shift-Dir - straight line, f/p - ogre
Aim: an ogre, wielding a +0 giant spiked club (heavily wounded, 91% to hit)
The blast of sand misses the ogre.
The ogre misses you.
Casting: Sandblast (safe; 3% risk of failure)
Confirm with . or Enter, or press ? or * to list all spells.
Aiming: Sandblast (safe; 3% risk of failure)
Press: ? - help, Shift-Dir - straight line, f/p - ogre
Aim: an ogre, wielding a +0 giant spiked club (heavily wounded, 91% to hit)
The blast of sand hits the ogre!
The ogre is severely wounded.
The ogre hits you with a +0 giant spiked club!
Casting: Sandblast (safe; 3% risk of failure)
Confirm with . or Enter, or press ? or * to list all spells.
Aiming: Sandblast (safe; 3% risk of failure)
Press: ? - help, Shift-Dir - straight line, f/p - ogre
Aim: an ogre, wielding a +0 giant spiked club (severely wounded, 91% to hit)
The blast of sand hits the ogre.
The ogre is almost dead.
The ogre hits you with a +0 giant spiked club.
Casting: Sandblast (safe; 3% risk of failure)
Confirm with . or Enter, or press ? or * to list all spells.
Aiming: Sandblast (safe; 3% risk of failure)
Press: ? - help, Shift-Dir - straight line, f/p - ogre
Aim: an ogre, wielding a +0 giant spiked club (almost dead, 91% to hit)
The blast of sand misses the ogre.
The ogre hits you with a +0 giant spiked club!!
Ouch! That really hurt!
You die...

#. #.># #. #..## #.
#...# #.##
####.#.##.#
#..#####<.......##
#...)............#
#...##.........##.#
#..............# .
##@.##.........#
#O.###.##.......
#..# #.###.###..#
#..# #.# #.# ....
#..# #.# #.# S##
#..# #... #.#.


You could see an ogre.

Vanquished Creatures
  An orc wizard (D:4)
  3 adders (D:2)
  2 ribbon worms
  A dart slug (D:2)
  4 orcs (D:4)
  6 bats
  3 endoplasms
  4 giant cockroaches
  2 hobgoblins
  11 jackals
  3 kobolds
  A quokka (D:3)
  10 ball pythons
  A frilled lizard (D:2)
  6 goblins
  6 rats
64 creatures vanquished.

Notes
Turn   | Place    | Note
-------+----------+-------------------------------------------
     0 | D:1      | Essalna the Draconian Earth Elementalist began the quest
                  | for the Orb.
     0 | D:1      | Reached XP level 1. HP: 14/14 MP: 3/3
   166 | D:1      | Reached XP level 2. HP: 18/20 MP: 3/5
   425 | D:1      | Found a faded altar of an unknown god.
   455 | D:1      | Reached XP level 3. HP: 26/26 MP: 4/6
   952 | D:2      | Reached XP level 4. HP: 33/33 MP: 5/8
  1448 | D:2      | Reached skill level 4 in Earth Magic
  2626 | D:4      | Reached XP level 5. HP: 38/38 MP: 5/9
  2766 | D:4      | Noticed an ogre
  2774 | D:4      | Demolished by an ogre

Illustrated notes

Levels and vault maps discovered:
D:1:      dpeg_arrival_pits, layout_rooms, nicolae_ecumenical_snake_handling
D:2:      layout_basic
D:3:      layout_basic
D:4:      layout_loops_ring

Skill      XL: |  1  2  3  4  5 |
---------------+----------------+-----
Conjurations   | 2 3 |  3.0
Spellcasting   | 3 |  3.3
Earth Magic    | 4 |  4.2
Dodging        | |  1.7
Stealth        | |  1.7

Action                     |  1- 3 |  4- 6 || total
---------------------------+-------+-------++-------
  Melee: Unarmed           |    46 |     1 ||    47
         Tailslap          |     9 |     2 ||    11
         Punch             |     1 |       ||     1
         Rapier            |       |    14 ||    14
   Cast: Sandblast         |    36 |    48 ||    84
   Stab: Sleeping          |       |     2 ||     2
 Armour: Skin              |    24 |    12 ||    36
  Dodge: Dodged            |    42 |    32 ||    74
  Block: Other             |     4 |     3 ||     7

Table legend: (Time is in decaauts)
 A = Elapsed time spent in this place.
 B = Non-inter-level travel time spent in this place.
 C = Inter-level travel time spent in this place.
 D = Time resting spent in this place.
 E = Time spent auto-exploring this place.
 F = Levels seen in this place.
 G = Mean time per level.
                   A        B        C        D        E       F      G
               +--------+--------+--------+--------+--------+-----+--------+
         Total |   2818 |   2742 |     76 |     69 |   2268 |   4 |  704.5 |
       Dungeon |   2818 |   2742 |     76 |     69 |   2268 |   4 |  704.5 |
               +--------+--------+--------+--------+--------+-----+--------+

Top non-repeatable levels by time:
     D:2: 1118 daAuts
     D:3: 911 daAuts
     D:1: 695 daAuts
     D:4: 92 daAuts
